 Dungeon Crawl Stone Soup version 0.26.1-11-gd32895ea62 (webtiles) character file.

Game seed: 7357282764480653678

41 Arcadio the Skirmisher (level 3, 0/31 HPs)
             Began as a Hill Orc Abyssal Knight on May 21, 2021.
             Was a Follower of Lugonu.
             Slain by a gnoll
             ... wielding a +0 spear
              (7 damage)
             ... on level 2 of the Dungeon.
             The game lasted 00:03:35 (1387 turns).

Arcadio the Skirmisher (Hill Orc Abyssal Knight)    Turns: 1387, Time: 00:03:36

Health: 0/31       AC:  3    Str: 15    XL:     3   Next: 52%
Magic:  4/4        EV: 15    Int: 12    God:    Lugonu [*.....]
Gold:   60         SH:  0    Dex: 10    Spells: 2/2 levels left

rFire    . . .     SeeInvis .   k - +0 spear (venom)
rCold    . . .     Faith    .   (no shield)
rNeg     . . .     Spirit   .   b - +0 leather armour
rPois    .         Reflect  .   (no helmet)
rElec    .         Harm     .   (no cloak)
rCorr    .         Rampage  .   (no gloves)
Will     .....                  (no boots)
Stlth    +.........             (no amulet)
HPRegen  0.10/turn              d - +4 ring of evasion
MPRegen  0.09/turn              (no ring)

@: no status effects
A: no striking features
a: Renounce Religion, Depart the Abyss


You were on level 2 of the Dungeon.
You worshipped Lugonu.
Lugonu was aware of your devotion.
You visited 1 branch of the dungeon, and saw 2 of its levels.
You visited the Abyss 1 time.

You collected 60 gold pieces.

Inventory:

Hand Weapons
 a - a +1 falchion
 k - a +0 spear of venom (weapon)
Missiles
 f - 6 poisoned darts (quivered)
Armour
 b - a +0 leather armour (worn)
 e - a +0 helmet
Jewellery
 d - a +4 ring of evasion (left hand)
Scrolls
 h - a scroll of fog {unknown}
 j - a scroll of enchant weapon {unknown}
 l - 2 scrolls of enchant armour {unknown}
 m - 2 scrolls of teleportation {unknown}
Potions
 c - a potion of curing {unknown}
 g - a potion of cancellation {unknown}
 i - a potion of lignification {unknown}


   Skills:
 - Level 3.6 Fighting
 - Level 3.0 Long Blades
 + Level 1.0 Polearms
 + Level 3.3 Armour
 - Level 0.7 Dodging
 - Level 2.4 Invocations


You had 2 spell levels left.
You didn't know any spells.
Your spell library was empty.

Dungeon Overview and Level Annotations

Branches:
Dungeon (2/15)

Altars:
Hepliaklqana


Message History

You hit the gnoll but do no damage.
The gnoll is poisoned.
The gnoll misses you. The gnoll barely misses you.
The gnoll completely misses you. The gnoll completely misses you.
You barely miss the gnoll.
The gnoll is moderately wounded.
The gnoll closely misses you.
You barely miss the gnoll.
The gnoll is moderately wounded.
The gnoll hits you with a +0 spear.
You closely miss the gnoll.
The gnoll is moderately wounded.
The gnoll misses you.
You hit the gnoll.
The gnoll looks even sicker.
The gnoll is moderately wounded.
The gnoll hits you with a +0 spear!
* * * LOW HITPOINT WARNING * * *
The gnoll hits you from afar with a +0 spear!
You die...

###### #....# #.##.#
#..#.#####
######.#......#
#gg.@.###.###.#
#g####.#...##.######
#.# ##.....#......#
#.# ##(..#######.#
#g# ##.## #.#
..###########g# #.#
#.# ..##.....[....##
#.# #.#
..##.#######...# #+#
#.# ).##.# #.††....#
#.#


You could see 3 gnolls.

Vanquished Creatures
  A gnoll (D:2)
  A dart slug (D:1)
  A leopard gecko (D:1)
  4 bats
  2 giant cockroaches (D:2)
  4 goblins
  5 hobgoblins
  2 frilled lizards (D:1)
  3 kobolds
  3 rats (D:1)
26 creatures vanquished.

Notes
Turn   | Place    | Note
-------+----------+-------------------------------------------
     0 | Abyss:1  | Arcadio the Hill Orc Abyssal Knight began the quest for the
                  | Orb.
     0 | Abyss:1  | Reached XP level 1. HP: 19/19 MP: 2/2
    46 | Abyss:1  | Noticed a small abomination
    50 | D:1      | Escaped the Abyss
   503 | D:1      | Reached XP level 2. HP: 23/26 MP: 3/3
   653 | D:1      | Reached * piety under Lugonu
  1176 | D:2      | Reached XP level 3. HP: 30/31 MP: 4/4
  1349 | D:2      | Found a hazy altar of Hepliaklqana.
  1353 | D:2      | Reached skill level 1 in Polearms
  1387 | D:2      | Slain by a gnoll

Illustrated notes

Levels and vault maps discovered:
D:1:      heliophobic_arrival_battle_scene, layout_rooms, minmay_pentomino_x2
D:2:      layout_loops_corners, lemuel_round_altar, okawaru_altar_gauntlet_db

Skill      XL: |  1  2  3 |
---------------+----------+-----
Long Blades    | 3 |  3.0
Armour         | 3 |  3.3
Polearms       | 1 |  1.0
Fighting       | |  3.6
Dodging        | |  0.7
Invocations    | |  2.4

Action                   || total
-------------------------++-------
Melee: Falchion          ||    44
       Spear             ||    21
Invok: Depart the Abyss  ||     1
  Use: Scroll            ||     2
Armor: Leather armour    ||    27
Dodge: Dodged            ||    48
       Rpst.: Falchion   ||     7
